Map: [ESL] Stargazers

Players

ByuN - Winner!

  • Race: Terran Terran
  • Spawn Location: 1:00

Serral

  • Race: Zerg Zerg
  • Spawn Location: 11:00

Event: HomeStory Cup XXII

VOD

Have the link to the VOD?

Description

Time

  • Played on: Dec. 17, 2022, 12:07 p.m.
  • Length: 23:05

All games in this series

Show
View Real Time Build Order
Export as new Build Order

ByuN Terran - Winner!

Build Orders:  

Get SALT Encoding   

  12  0:00  SCV  
  13  0:14  Supply Depot  
  13  0:17  SCV  
  14  0:35  Barracks  
  14  0:45  Barracks  
  14  0:49  SCV  
  15  1:01  SCV  
  16  1:13  SCV  
  17  1:22  Marine  
  17  1:25  Orbital Command  
  18  1:31  Marine  
  19  1:33  Supply Depot  
  19  1:38  Bunker  
  19  1:40  Marine  
  20  1:50  SCV  
  20  1:51  Marine  
  22  1:57  Marine  
  23  2:02  SCV  
  24  2:09  Marine  
  24  2:14  SCV  
  24  2:15  Marine  
  25  2:27  Marine  
  25  2:29  SCV  
  26  2:33  Marine  
  25  2:41  SCV  
  24  2:44  Command Center  
  24  2:49  Refinery x2  
  24  2:53  SCV  
  24  2:56  Marine x2  
  27  2:59  Supply Depot  
  27  3:05  SCV  
  28  3:17  SCV  
  29  3:28  Command Center  
  29  3:29  SCV  
  30  3:39  Factory  
  30  3:41  SCV  
  31  3:53  SCV  
  32  3:56  Orbital Command  
  32  4:01  Barracks Tech Lab  
  32  4:03  Barracks Reactor  
  32  4:04  Bunker  
  32  4:05  SCV  
  32  4:06  Orbital Command  
  33  4:18  SCV  
  33  4:20  Stimpack, Marine  
  33  4:22  Hellion  
  37  4:30  SCV  
  38  4:32  SCV  
  38  4:37  Starport  
  39  4:40  Marine x2  
  39  4:42  SCV, Orbital Command  
  39  4:43  Marine  
  39  4:44  Factory Reactor  
  43  4:47  SCV  
  44  4:54  SCV  
  44  4:57  Marine  
  44  4:58  Marine  
  44  4:59  SCV  
  48  5:00  Marine  
  48  5:01  Supply Depot  
  48  5:06  SCV  
  50  5:08  SCV  
  50  5:11  SCV  
  52  5:18  SCV  
  52  5:19  Engineering Bay  
  52  5:20  Engineering Bay, SCV  
  54  5:23  SCV  
  54  5:24  Supply Depot  
  54  5:27  Medivac  
  59  5:29  Medivac  
  59  5:30  SCV, Marine  
  59  5:31  Marine  
  59  5:33  SCV, Marine  
  64  5:37  SCV  
  64  5:42  SCV  
  66  5:45  SCV  
  66  5:48  Supply Depot  
  66  5:49  SCV  
  66  5:50  Marine x2  
  66  5:51  Marine  
  66  5:54  SCV, Terran Infantry Armor Level 1, Terran Infantry Weapons Level 1  
  66  5:56  Orbital Command  
  70  5:57  Refinery x2  
  70  6:08  SCV x2, Marine x2  
  70  6:09  Marine  
  75  6:14  Barracks  
  75  6:15  Factory Reactor, Starport Reactor  
  75  6:19  Supply Depot  
  75  6:20  Barracks, SCV x2  
  75  6:22  Combat Shield  
  75  6:23  Barracks  
  75  6:25  SCV  
  78  6:26  Marine  
  78  6:27  Supply Depot  
  78  6:32  SCV x2  
  80  6:36  Marine x2  
  80  6:37  SCV  
  82  6:44  Supply Depot, SCV x2  
  84  6:49  SCV  
  84  6:54  Armory, Marine x3  
  84  6:56  SCV x2  
  84  6:57  Medivac  
  84  6:59  Medivac  
  93  7:01  SCV  
  93  7:08  SCV x2, Widow Mine x2  
  100  7:11  Supply Depot  
  100  7:13  Barracks Reactor  
  100  7:14  Barracks Reactor, Supply Depot  
  100  7:17  Marine x4  
  100  7:18  Marine  
  100  7:21  SCV  
  100  7:22  SCV x2  
  108  7:32  Widow Mine  
  108  7:33  Medivac x2, Widow Mine  
  108  7:35  Marine x4  
  108  7:36  Marine  
  121  7:38  Supply Depot, SCV  
  121  7:39  SCV x2  
  121  7:41  Supply Depot  
  124  7:52  Factory  
  124  7:58  Marine x9  
  124  8:04  Widow Mine x2  
  137  8:06  Terran Infantry Armor Level 2  
  137  8:11  Refinery, Medivac  
  139  8:16  Marine x3  
  139  8:17  Marine  
  139  8:18  Marine x4  
  139  8:19  SCV x2  
  147  8:21  Marine  
  147  8:22  Supply Depot  
  147  8:25  Supply Depot x2, SCV  
  144  8:28  Supply Depot  
  144  8:31  SCV  
  144  8:34  Marine x3  
  142  8:35  Factory Tech Lab, Marine  
  142  8:36  Marine x2  
  142  8:37  Terran Infantry Weapons Level 2  
  148  8:42  Marine  
  149  8:48  Marine x2  
  149  8:51  Widow Mine x2, Marine  
  149  8:52  Marine x2  
  149  8:53  Marine  
  159  9:02  Marine  
  130  9:03  Marine x2  
  130  9:06  Marine  
  130  9:07  Marauder  
  130  9:09  Barracks, Marine x2  
  127  9:10  Barracks  
  127  9:12  Barracks  
  128  9:19  Marine x2  
  128  9:20  Marine  
  128  9:21  Marine  
  128  9:23  Marine  
  133  9:30  Command Center  
  133  9:33  Marine x3  
  133  9:34  Marine  
  137  9:47  SCV  
  137  9:48  SCV  
  137  9:49  Supply Depot  
  137  9:50  Supply Depot  
  141  9:52  Marauder  
  141  9:53  Marine x7  
  141  9:57  Marine  
  150  10:03  Barracks Tech Lab x3  
  146  10:11  Marine x6  
  146  10:12  Widow Mine  
  146  10:13  Drilling Claws  
  156  10:14  Marauder  
  156  10:17  Widow Mine  
  156  10:18  Marine x2  
  160  10:28  Marauder  
  159  10:29  Marauder x2  
  159  10:31  Concussive Shells  
  159  10:32  Terran Infantry Armor Level 3  
  159  10:35  Marauder, Marine x3  
  166  10:36  Marine  
  166  10:39  Marine x2  
  166  10:40  Marine  
  170  10:46  Orbital Command  
  169  10:51  Widow Mine x2  
  169  10:52  Widow Mine  
  169  10:54  Marauder x2  
  179  11:05  Command Center  
  179  11:15  Marauder x4  
  179  11:18  Marine x8  
  195  11:26  Terran Infantry Weapons Level 3  
  194  11:35  Marine x2  
  194  11:36  Marine  
  194  11:37  Marauder  
  199  11:40  Marine  
  199  11:44  Sensor Tower  
  200  11:52  Command Center  
  200  11:53  Command Center  
  198  12:04  Marauder  
  197  12:11  Marauder x2  
  196  12:20  Medivac x2, Marine  
  200  12:30  Marine  
  200  12:32  Widow Mine x2  
  200  12:35  Marine x2  
  171  12:37  SCV, Marauder x3  
  171  12:41  Marauder, Marine x5  
  171  12:43  SCV  
  171  12:44  SCV x2  
  182  12:48  Marine  
  182  12:50  Medivac x2  
  187  12:53  Marine x2  
  187  12:58  Marauder x2, Marine  
  194  12:59  Marine x5  
  194  13:02  Marine  
  194  13:04  Widow Mine x2  
  194  13:05  Widow Mine  
  196  13:06  Marine  
  196  13:08  Orbital Command  
  196  13:11  Marine x2  
  196  13:12  Planetary Fortress  
  199  13:17  Marine  
  200  13:24  Orbital Command  
  200  13:26  Medivac x2, Widow Mine, Marine x2  
  185  13:27  SCV x2  
  185  13:34  Orbital Command x2  
  181  13:39  SCV, Marauder x4, Marine x6  
  196  13:43  Ghost Academy  
  196  13:44  Marine x2  
  198  13:56  Medivac  
  190  14:15  Marauder x2  
  190  14:16  Medivac, Marauder x2  
  190  14:18  Marine  
  190  14:20  SCV x2  
  190  14:21  Widow Mine x2  
  190  14:24  Widow Mine  
  194  14:25  Medivac  
  194  14:26  Marine x2  
  194  14:29  SCV  
  180  14:32  Marine x5  
  180  14:36  Marine x3, Ghost x2  
  181  14:42  Widow Mine x2  
  181  14:45  Refinery x2, Widow Mine  
  185  14:46  Medivac  
  187  14:53  Marine x2, Ghost x2  
  187  14:54  Marine  
  187  14:55  Medivac  
  189  15:03  Widow Mine x2  
  189  15:05  Ghost x2  
  194  15:16  Medivac  
  194  15:20  Sensor Tower  
  191  15:22  Ghost x2  
  191  15:25  Medivac  
  191  15:26  Marine  
  191  15:27  Marine x2  
  198  15:48  Ghost  
  198  15:49  Ghost  
  189  15:50  Ghost  
  189  15:51  Ghost  
  193  16:02  Marine x4  
  197  16:05  Medivac  
  199  16:11  Command Center  
  199  16:17  Command Center  
  199  16:21  Hi-Sec Auto Tracking, Neosteel Armor  
  198  16:32  Ghost x2  
  200  16:45  Ghost  
  195  16:47  Ghost  
  195  16:59  Marine  
  195  17:01  Ghost x2  
  193  17:11  Widow Mine x2, Marine x2  
  193  17:12  Personal Cloaking  
  193  17:14  Ghost  
  193  17:15  Marine x5  
  188  17:16  Marine, Ghost  
  188  17:18  Widow Mine  
  198  17:23  Command Center  
  198  17:25  Command Center  
  198  17:27  Command Center  
  198  17:29  Marine x2, Ghost  
  194  17:30  Marauder  
  194  17:33  Widow Mine  
  200  17:43  Marauder  
  187  17:45  Ghost  
  187  17:51  Ghost  
  183  17:52  Marine x8  
  179  17:59  Marauder  
  179  18:04  Marauder  
  183  18:10  Marine x5  
  183  18:12  Marine  
  189  18:14  Marauder  
  189  18:19  Ghost x2  
  191  18:25  Ghost  
  191  18:26  Marine x2  
  198  18:27  Marine  
  198  18:28  Marine  
  198  18:30  Command Center  
  198  18:31  Sensor Tower  
  198  18:34  Planetary Fortress  
  200  18:38  Refinery, Planetary Fortress  
  200  18:40  Orbital Command  
  200  18:41  Orbital Command  
  200  18:53  Ghost  
  195  19:08  Ghost x2  
  195  19:09  Ghost  
  157  19:11  Marine x7  
  153  19:19  Marine  
  153  19:22  Ghost  
  153  19:24  Missile Turret  
  156  19:28  Refinery  
  156  19:29  Refinery, Marine x2  
  156  19:30  Missile Turret  
  157  19:33  Widow Mine x2  
  157  19:36  Ghost x2  
  157  19:38  Ghost  
  155  19:42  Orbital Command  
  155  19:43  Marine x2  
  155  19:45  Marine x4  
  163  19:47  Marine x2  
  163  19:50  Ghost  
  165  20:00  Marine  
  165  20:01  Medivac x2, Marine  
  165  20:02  Marine  
  165  20:03  Marine x3  
  165  20:04  Widow Mine x2, Marine  
  165  20:05  Marine, Ghost x2  
  165  20:06  Orbital Command, Ghost  
  187  20:18  Planetary Fortress, Marine x2  
  187  20:19  Ghost  
  191  20:22  Marine  
  191  20:23  Marine  
  193  20:34  Marauder x2  
  195  20:36  Widow Mine, Marauder  
  199  20:48  Missile Turret  
  199  20:51  Missile Turret  
  199  20:55  Marauder  
  199  20:56  Marauder  
  194  20:57  Marauder  
  194  21:01  Ghost  
  192  21:16  Ghost  
  192  21:17  Marauder  
  186  21:18  Marine  
  186  21:19  Marauder, Marine  
  186  21:22  Marine x4  
  186  21:23  Widow Mine x2  
  185  21:26  Refinery  
  185  21:27  Refinery, Command Center  
  185  21:28  Command Center  
  185  21:30  Marauder, Marine x2  
  189  21:36  Marine x2  
  189  21:38  Ghost  
  189  21:39  Ghost  
  193  21:41  Widow Mine  
  193  21:45  Widow Mine  
  199  21:51  Ghost  
  199  21:52  Marauder  
  199  22:10  Ghost  
  199  22:11  Ghost  
  199  22:12  Ghost  
  187  22:20  Ghost  
  187  22:21  Marine x2  
  187  22:22  Marine  
  166  22:24  Medivac x2  
  166  22:25  Marine  
  166  22:26  Widow Mine x2, Marine x2  
  174  22:30  Marine x2  
  174  22:35  Widow Mine  
  166  22:38  Marine  
  166  22:39  Marine  
  166  22:40  Marauder, Marine  
  166  22:42  Marauder  
  166  22:43  Marine x2  
  166  22:44  Marine  
Show
View Real Time Build Order
Export as new Build Order

Serral Zerg 

Build Orders: Hatch First 

Get SALT Encoding   

  12  0:00  Drone  
  13  0:12  Overlord  
  13  0:16  Drone  
  14  0:30  Drone x2  
  16  0:47  Hatchery  
  15  0:51  Drone  
  15  0:55  Drone  
  17  0:57  Drone  
  18  1:09  Extractor  
  17  1:13  Spawning Pool  
  17  1:16  Drone  
  17  1:19  Drone  
  18  1:27  Drone  
  19  1:41  Drone  
  20  2:06  Zergling x6, Queen x2  
  26  2:14  Zergling x2  
  24  2:22  Zergling x2  
  22  2:34  Drone  
  22  2:36  Drone  
  19  2:52  Drone x2  
  19  2:54  Drone  
  22  3:00  Drone  
  22  3:04  Drone  
  24  3:10  Overlord  
  24  3:15  Drone  
  24  3:18  Drone  
  26  3:22  Drone  
  26  3:25  Drone  
  28  3:33  Metabolic Boost  
  27  3:37  Drone x2  
  30  3:41  Drone  
  30  3:44  Drone  
  30  3:48  Drone x2  
  32  3:54  Overlord  
  34  3:55  Drone  
  34  3:58  Drone  
  35  4:11  Hatchery  
  35  4:12  Drone  
  35  4:15  Drone  
  36  4:17  Drone  
  36  4:21  Overlord  
  36  4:22  Drone  
  38  4:24  Drone  
  38  4:27  Drone x2  
  41  4:32  Queen  
  43  4:38  Queen  
  43  4:43  Overlord  
  45  4:47  Drone  
  45  4:48  Baneling Nest  
  45  4:50  Zergling x4  
  47  4:54  Zergling x2  
  47  4:56  Drone x2  
  47  4:57  Drone  
  51  5:00  Drone  
  52  5:07  Zergling x2  
  52  5:08  Queen  
  52  5:13  Zergling x2  
  56  5:16  Queen  
  56  5:19  Drone  
  56  5:20  Overlord  
  59  5:21  Overlord  
  59  5:24  Drone x3  
  59  5:28  Drone x2  
  63  5:31  Queen  
  65  5:35  Overlord  
  65  5:38  Drone x2  
  65  5:42  Overlord  
  67  5:43  Drone  
  67  5:47  Queen  
  70  5:50  Evolution Chamber  
  70  5:52  Extractor  
  70  5:54  Evolution Chamber  
  70  5:55  Queen  
  69  5:57  Drone  
  69  5:59  Drone  
  69  6:01  Spore Crawler  
  69  6:02  Drone  
  69  6:04  Drone  
  72  6:06  Drone  
  72  6:09  Zergling x6  
  72  6:10  Zergling x2  
  77  6:11  Zergling x2  
  77  6:14  Zergling x4  
  80  6:18  Zerg Ground Armor Level 1  
  80  6:21  Queen  
  80  6:24  Zerg Melee Weapons Level 1  
  82  6:26  Overlord  
  82  6:29  Zergling x2  
  83  6:34  Drone x5  
  83  6:36  Drone x2  
  83  6:37  Drone  
  83  6:39  Drone  
  92  6:43  Lair  
  92  6:45  Overlord  
  92  6:47  Overlord  
  92  6:48  Drone  
  92  6:50  Drone  
  92  6:52  Extractor  
  92  6:53  Extractor  
  91  6:56  Drone x2  
  91  6:57  Zergling x6  
  96  7:03  Zergling x10  
  101  7:11  Drone  
  101  7:14  Zergling x10  
  107  7:19  Hatchery  
  107  7:22  Baneling x9  
  106  7:24  Overlord  
  106  7:33  Overlord x3  
  106  7:34  Overlord  
  106  7:41  Overseer, Centrifugal Hooks  
  106  7:48  Zergling x20  
  106  7:50  Zergling x2  
  110  7:53  Zergling x2  
  110  7:56  Overseer  
  111  7:58  Zergling x2  
  112  8:07  Overseer  
  112  8:10  Zergling x6  
  112  8:12  Drone x6  
  120  8:14  Drone  
  120  8:17  Zerg Ground Armor Level 2  
  121  8:22  Zergling x2  
  121  8:25  Zergling x2  
  121  8:26  Zergling x2  
  119  8:33  Queen, Drone x2  
  122  8:34  Zergling x2, Burrow  
  122  8:36  Zergling x2  
  122  8:37  Baneling x5  
  125  8:41  Zergling x16, Infestation Pit  
  125  8:45  Zergling x6  
  131  8:49  Baneling x5  
  131  8:50  Overlord x2  
  131  8:54  Zergling x2  
  131  8:55  Zergling x2  
  128  9:01  Zergling x4  
  112  9:05  Zergling x2  
  112  9:06  Zergling x2  
  112  9:09  Baneling x2  
  112  9:11  Pneumatized Carapace  
  112  9:12  Zergling x16  
  112  9:14  Zergling x2  
  121  9:18  Zergling x2  
  121  9:20  Hive  
  121  9:23  Drone  
  121  9:24  Overlord  
  121  9:25  Zergling x2  
  121  9:30  Drone  
  123  9:31  Extractor  
  123  9:33  Spore Crawler  
  123  9:35  Drone  
  123  9:36  Drone x2, Hatchery  
  124  9:38  Drone x2  
  124  9:40  Zergling x4  
  124  9:41  Zergling x12  
  133  9:48  Drone  
  133  9:49  Zerg Melee Weapons Level 2  
  133  9:50  Zergling x4  
  133  9:51  Baneling x8  
  136  9:55  Zergling x8  
  136  10:00  Hatchery  
  136  10:01  Zergling x4  
  131  10:07  Zergling x16  
  131  10:10  Baneling x6  
  131  10:14  Baneling x5  
  138  10:15  Zergling x10  
  138  10:16  Zergling x2  
  138  10:19  Drone x2  
  145  10:28  Zergling x10  
  145  10:32  Zergling x4  
  145  10:34  Adrenal Glands  
  147  10:39  Zergling x4  
  149  10:43  Overlord x2  
  149  10:44  Zergling x2  
  149  10:48  Zergling x2  
  149  10:49  Zergling x18  
  160  10:58  Zergling x12  
  160  10:59  Baneling x5  
  160  11:01  Zerg Ground Armor Level 3  
  165  11:08  Zergling x8  
  169  11:18  Viper  
  169  11:20  Drone x2  
  169  11:21  Drone  
  169  11:23  Zergling x10  
  180  11:26  Baneling x5  
  180  11:30  Drone x4  
  180  11:31  Zergling x12  
  187  11:38  Hydralisk Den  
  186  11:42  Overlord  
  186  11:50  Baneling  
  186  11:51  Baneling x8  
  186  11:54  Zergling x2  
  187  11:59  Zergling x10  
  186  12:01  Zergling x20  
  186  12:06  Zergling x12  
  186  12:08  Baneling x2  
  195  12:12  Zergling x8  
  193  12:16  Grooved Spines  
  193  12:20  Baneling x8  
  192  12:25  Zergling x10  
  192  12:27  Baneling x4  
  190  12:36  Zergling x42  
  166  12:41  Zergling x2  
  167  12:49  Viper  
  167  12:50  Zergling x2  
  167  12:51  Zergling x8  
  174  12:52  Baneling x3  
  174  12:58  Zergling x12  
  179  13:02  Spore Crawler  
  179  13:05  Zergling x6  
  180  13:07  Hatchery  
  180  13:11  Baneling x7  
  177  13:15  Hydralisk x4  
  178  13:21  Hatchery  
  178  13:23  Hydralisk  
  178  13:24  Zergling x4, Hydralisk  
  178  13:25  Zergling x6  
  157  13:27  Muscular Augments  
  157  13:32  Drone  
  156  13:34  Hydralisk, Baneling  
  156  13:35  Zergling x34, Baneling  
  156  13:37  Zerg Missile Weapons Level 1  
  156  13:38  Overlord x3  
  156  13:40  Overlord  
  175  13:44  Zergling x6  
  175  13:46  Zergling x2  
  175  13:47  Zergling x2  
  180  14:02  Zergling x22  
  184  14:08  Baneling x6  
  181  14:11  Lurker Den  
  181  14:14  Hatchery  
  181  14:15  Zergling x34  
  181  14:17  Overseer  
  171  14:26  Baneling x9  
  171  14:28  Zergling x22  
  169  14:32  Zergling x6  
  169  14:34  Zergling x2  
  169  14:41  Drone x3  
  169  14:44  Zergling x22  
  176  15:01  Zergling x28  
  189  15:17  Drone, Extractor  
  189  15:18  Drone x2  
  189  15:19  Drone  
  189  15:20  Drone x2  
  189  15:21  Extractor  
  193  15:22  Seismic Spines  
  193  15:26  Zergling x2  
  193  15:27  Zergling x12  
  200  15:29  Hatchery  
  198  15:41  Viper  
  197  15:45  Baneling x2  
  193  15:51  Hatchery  
  193  15:53  Overlord x2  
  187  15:57  Drone x3  
  187  16:04  Baneling x7  
  187  16:05  Baneling  
  187  16:06  Zerg Melee Weapons Level 3, Zerg Missile Weapons Level 2  
  187  16:08  Overlord  
  187  16:10  Baneling  
  187  16:11  Baneling x5  
  187  16:17  Overlord  
  187  16:19  Adaptive Talons  
  187  16:22  Zergling x28  
  197  16:31  Overseer x2  
  186  16:35  Baneling x9  
  164  16:47  Zergling x40  
  164  16:48  Zergling x10  
  164  16:53  Baneling x9  
  164  16:54  Zergling x26  
  188  16:58  Baneling x9  
  188  16:59  Overseer  
  184  17:12  Infestor  
  184  17:14  Zergling x30  
  187  17:29  Lurker x6  
  188  17:33  Zergling x22  
  188  17:34  Hatchery  
  198  17:41  Zergling x2  
  198  17:42  Zergling x18  
  196  17:46  Viper x2  
  180  17:55  Zergling x18  
  182  18:05  Zergling x18  
  176  18:10  Zergling x2  
  176  18:11  Zergling x8  
  180  18:25  Zergling x16  
  188  18:27  Baneling x3, Infestor  
  184  18:36  Zergling x14  
  190  18:45  Hydralisk x4  
  196  18:53  Zergling x8  
  199  19:05  Zergling x30  
  185  19:15  Zergling x18  
  182  19:21  Hydralisk  
  182  19:22  Zergling x2  
  185  19:33  Zergling x16  
  169  19:40  Infestor x2  
  169  19:43  Zergling x6  
  169  19:44  Hatchery  
  172  19:53  Zergling x14  
  172  19:56  Baneling x5  
  172  19:57  Baneling  
  179  20:06  Spore Crawler, Baneling x9  
  178  20:08  Zergling x2  
  178  20:09  Zergling x8  
  183  20:14  Zergling x10  
  187  20:25  Zergling x18  
  195  20:33  Baneling x9  
  182  20:40  Zergling x16  
  182  20:59  Hatchery  
  182  21:01  Zergling x12  
  178  21:08  Zergling x8  
  182  21:18  Zergling x14  
  168  21:24  Infestor  
  167  21:27  Zergling x12  
  173  21:33  Baneling x4  
  173  21:35  Zergling x10  
  178  21:40  Lurker x4  
  181  21:51  Zergling x16  
  181  21:52  Zergling x6  
  180  21:59  Infestor  
  179  22:05  Zergling x20  
  165  22:11  Zergling x10  
  156  22:19  Zergling x6  
  156  22:20  Zergling x2  
  145  22:23  Baneling x4  
  131  22:31  Zergling x12  
  128  22:38  Hatchery  
  116  22:44  Zergling x18  
  116  22:45  Zergling x2  
Tags
 
Add a new tag
Caveats
  • Supply blocks, unpowered buildings, or Contaminate may cause inaccurate times.
  • Supply counts are checked every 10 seconds.